 Dungeon Crawl Stone Soup version 0.30-a0-219-gf2db51d15e (webtiles) character file.

Game seed: 17518773621120957104

333543 zazu2006 the Eclecticist (level 21, -5/188 HPs)
             Began as a Naga Hedge Wizard on Oct 6, 2022.
             Was the Champion of Vehumet.
             Slain by a spark wasp (22 damage)
             ... on level 1 of the Depths on Oct 7, 2022.
             The game lasted 04:06:35 (72229 turns).

zazu2006 the Eclecticist (Naga Hedge Wizard)       Turns: 72229, Time: 04:06:36

Health: -5/188     AC: 26    Str: 15    XL:     21   Next: 82%
Magic:  20/41      EV:  9    Int: 20    God:    Vehumet [******]
Gold:   3662       SH: 11    Dex: 17    Spells: 15/53 levels left

rFire   + + .      SeeInvis +    V - +5 long sword (flame)
rCold   + + .      Faith    .    J - +0 kite shield {reflect}
rNeg    + + .      Spirit   .    H - quicksilver dragon scales
rPois   +          Reflect  +    X - +2 hat {Will+}
rElec   +          Harm     .    o - scarf {repulsion}
rCorr   +          Rampage  .    Y - +0 pair of gloves {Dex+3}
Will    ++++.                    K - +2 barding of the Harp {+Blink rN+ Stlth+}
Stlth   ++++++....               m - amulet of the acrobat
HPRegen 0.51/turn                B - ring of the Foremost Portals {+Blink Fly rF+ rN+ Slay+4 Stlth-}
MPRegen 0.27/turn                p - ring of protection from cold

@: resistant, flying, studying 2 skills, repel missiles, very slow
A: AC +7, large, see invisible, deformed body, poison resistance, slowness 2,
spit poison 1, naga tail 2
}: 2/15 runes: decaying, serpentine
a: Spit Poison, Renounce Religion, Evoke Blink


You were on level 1 of the Depths.
You worshipped Vehumet.
Vehumet was exalted by your worship.
You visited 9 branches of the dungeon, and saw 37 of its levels.
You visited 1 bazaar.
You also visited: Sewer, Gauntlet and Volcano.

You collected 3824 gold pieces.
You spent 162 gold pieces at shops.

Inventory:

Hand Weapons
 S - a +4 scimitar of holy wrath
 V - a +5 long sword of flaming (weapon)
Armour
 e - a +2 kite shield of cold resistance
 n - a +1 cloak of preservation
 o - a scarf of repulsion (worn)
 H - quicksilver dragon scales (worn)
 J - a +0 kite shield of reflection (worn)
 K - the +2 barding of the Harp (worn) {+Blink rN+ Stlth+}
   (You acquired it on level 2 of the Elven Halls)

   rN:        It protects you from negative energy.
   +Blink:    It lets you blink.
   Stlth:     It makes you more stealthy.
 X - a +2 hat of willpower (worn)
 Y - a +0 pair of gloves of dexterity (worn)
Jewellery
 b - a ring of flight
 i - the ring of the Little Devil {rPois rC- rN+++ Str+6 Int+3}
   (You took it off a deep elf pyromancer on level 1 of the Elven Halls)

   [ring of strength]

   Str:       It affects your strength (+6).
   Int:       It affects your intelligence (+3).
   rC:        It makes you vulnerable to cold.
   rPois:     It protects you from poison.
   rN:        It renders you almost immune to negative energy.
 m - an amulet of the acrobat (around neck)
 p - a ring of protection from cold (right hand)
 s - the ring of Jifreeco {rN++ rCorr Int+4 Dex-2 Slay+3}
   (You found it in a Gauntlet)

   [ring of resist corrosion]

   Int:       It affects your intelligence (+4).
   Dex:       It affects your dexterity (-2).
   Slay:      It affects your accuracy & damage with ranged weapons and melee
   (+3).
   rN:        It greatly protects you from negative energy.
   rCorr:     It protects you from acid and corrosion.
 B - the ring of the Foremost Portals (left hand) {+Blink Fly rF+ rN+ Slay+4 Stlth-}
   (You acquired it on level 2 of the Elven Halls)

   [ring of protection from fire]

   Slay:      It affects your accuracy & damage with ranged weapons and melee
   (+4).
   rF:        It protects you from fire.
   rN:        It protects you from negative energy.
   Fly:       It grants you flight.
   +Blink:    It lets you blink.
   Stlth:     It makes you less stealthy.
 G - an amulet of magic regeneration
Wands
 c - a wand of charming (5)
 d - a wand of mindburst (16)
 g - a wand of flame (7)
 z - a wand of polymorph (34)
 A - a wand of iceblast (30)
 O - a wand of digging (14)
Scrolls
 k - 8 scrolls of poison
 t - 9 scrolls of fog
 y - 2 scrolls of magic mapping
 C - 4 scrolls of fear
 R - 5 scrolls of noise
Potions
 a - 3 potions of curing
 f - a potion of haste
 h - a potion of brilliance
 v - 6 potions of might
 D - a potion of resistance
 I - 3 potions of invisibility
 Q - 3 potions of magic
 U - 4 potions of cancellation


   Skills:
 + Level 11.6 Fighting
 - Level 14.0 Long Blades
 + Level 9.2 Armour
 + Level 8.3 Dodging
 + Level 15.5 Stealth
 + Level 8.3 Shields
 + Level 16.6 Spellcasting
 + Level 16.0 Conjurations
 + Level 1.0 Summonings
 + Level 2.5 Translocations
 + Level 6.8 Air Magic
 + Level 13.8 Earth Magic
 + Level 11.4 Poison Magic
 + Level 1.8 Evocations


You had 15 spell levels left.
You knew the following spells:

 Your Spells              Type           Power      Damage    Failure   Level
a - Magic Dart            Conj           100%       1d8       0%          1
b - Mephitic Cloud        Conj/Pois/Air  58%        N/A       1%          3
c - Cigotuvi's Dreadful   Necr/Pois/Air  82%        N/A       1%          2
d - Blink                 Tloc           52%        N/A       6%          2
e - Olgreb's Toxic Radia  Pois           58%        N/A       1%          4
f - Stone Arrow           Conj/Erth      100%       3d13      1%          3
g - Lightning Bolt        Conj/Air       29%        1d45      1%          5
h - Lee's Rapid Deconstr  Erth           32%        3d17*     1%          5
i - Iron Shot             Conj/Erth      33%        9d7       1%          6
j - Orb of Destruction    Conj           34%        9d10      4%          7

Your spell library contained the following spells:

 Spells                   Type           Power      Damage    Failure   Level
 Maxwell's Capacitive Co  Air            21%        ∞         100%        8
 Polar Vortex             Ice            8%         N/A       100%        9
 Shatter                  Erth           32%        3d26*     100%        9
 Kiss of Death            Conj/Necr      100%       2d13      1%          1
 Sandblast                Erth           100%       2d20      1%          1
 Shock                    Conj/Air       100%       1d9       1%          1
 Sting                    Tmut/Pois      100%       1d8       1%          1
 Passwall                 Tmut/Erth      36%        N/A       1%          2
 Poisonous Vapours        Pois/Air       100%       N/A       1%          2
 Searing Ray              Conj           100%       2d8       1%          2
 Hailstorm                Conj/Ice       48%        3d11      1%          3
 Flame Wave               Conj/Fire      48%        2d12      1%          4
 Sticky Flame             Conj/Fire      48%        2d7       1%          4
 Ignite Poison            Fire/Tmut/Pois 31%        N/A       2%          3
 Swiftness                Air            43%        N/A       2%          3
 Airstrike                Air            21%        2d(4-20)  2%          4
 Fireball                 Conj/Fire      24%        3d11      3%          5
 Conjure Ball Lightning   Conj/Air       29%        3x3d8     4%          6
 Animate Armour           Summ/Erth      92%        N/A       5%          4
 Leda's Liquefaction      Hex/Erth       22%        N/A       7%          4
 Frozen Ramparts          Ice            32%        1d5       11%         3
 Inner Flame              Hex/Fire       16%        N/A       11%         3
 Beastly Appendage        Tmut           32%        N/A       12%         1
 Necrotise                Necr           64%        1d7       12%         1
 Slow                     Hex            64%        N/A       12%         1
 Call Imp                 Summ           20%        N/A       12%         2
 Ensorcelled Hibernation  Hex/Ice        32%        N/A       19%         2
 Wereblood                Tmut           16%        N/A       19%         2
 Borgnjor's Vile Clutch   Necr/Erth      22%        N/A       19%         5
 Portal Projectile        Hex/Tloc       42%        N/A       22%         3
 Vampiric Draining        Necr           16%        2d7       34%         3
 Confusing Touch          Hex            16%        N/A       36%         3
 Tukima's Dance           Hex            16%        N/A       36%         3
 Passage of Golubria      Tloc           26%        N/A       38%         4
 Lehudib's Crystal Spear  Conj/Erth      33%        10d8      38%         8
 Eringya's Noxious Bog    Tmut/Pois      19%        N/A       41%         6
 Silence                  Hex/Air        15%        N/A       63%         5
 Summon Ice Beast         Ice/Summ       18%        N/A       69%         4
 Statue Form              Tmut/Erth      29%        N/A       71%         6
 Anguish                  Hex/Necr       8%         N/A       75%         4
 Animate Dead             Necr           16%        N/A       75%         4
 Dispel Undead            Necr           16%        3d10      75%         4
 Ice Form                 Ice/Tmut       16%        N/A       77%         4
 Summon Mana Viper        Hex/Summ       18%        N/A       95%         5
 Agony                    Necr           16%        N/A       97%         5
 Blade Hands              Tmut           8%         N/A       98%         5
 Death Channel            Necr           8%         N/A       100%        6
 Simulacrum               Ice/Necr       8%         N/A       100%        6
 Enfeeble                 Hex            8%         N/A       100%        7
 Monstrous Menagerie      Summ           10%        N/A       100%        7
 Discord                  Hex            8%         N/A       100%        8
 Disjunction              Tloc           13%        N/A       100%        8
 Ignition                 Fire           8%         3d5       100%        8


Dungeon Overview and Level Annotations

Branches:
Dungeon (15/15)            Temple (1/1) D:5            Lair (5/5) D:11
  Swamp (4/4) Lair:3        Snake (4/4) Lair:2        Slime (0/5) Lair:5
    Orc (2/2) D:10            Elf (3/3) Orc:2        Vaults (2/5) D:14
 Depths (1/4) D:15          Sewer (visited)         Volcano (visited)
Gauntlet (visited)
  Crypt: Vaults:2-3

Altars:
Ashenzari
Cheibriados
Dithmenos
Elyvilon
Fedhas
Gozag
Hepliaklqana
Kikubaaqudgha
Makhleb
Nemelex Xobeh
Okawaru
Qazlal
Ru
Sif Muna
Trog
Uskayaw
Vehumet
Wu Jian
Xom
Yredelemnul
Zin
The Shining One
Jiyva

Shops:
D:6 =   D:8 =(*:   D:9 :   D:11 *   D:12 (   D:15 ?   Orc:2 !(****   Snake:2 :
Vaults:1 :

Annotations:
D:6 1 runed translucent door, ThrustWizard's ghost, novice DsRe
D:14 exclusion: obsidian statue
Lair:5 2 runed translucent doors
Vaults:2 2 runed translucent doors, Eczaz's ghost, adept DEHW; Mara; Sojobo


Innate Abilities, Weirdness & Mutations

Your serpentine skin is tough. (AC +7)
You have supernaturally acute eyesight. (SInv)
Armour fits poorly on your strangely shaped body.
Your system is resistant to poisons. (rPois)
You cover ground very slowly.
You can spit poison.
You can use your snake-like lower body to constrict enemies.


Message History

You constrict the spark wasp.
The spark wasp stings you but does no damage.
The spark wasp barely misses you.
You slash the spark wasp! You burn the spark wasp.
The spark wasp is severely wounded.
You constrict the spark wasp. The spark wasp stings you!
* * * LOW HITPOINT WARNING * * *
The spark wasp shocks you!
* * * LOW HITPOINT WARNING * * *
Unknown command.
You feel protected.
You constrict the spark wasp. You block the spark wasp's attack.
You slash the spark wasp! You burn the spark wasp.
You kill the spark wasp!
Vehumet accepts your kill.
You feel your power returning.
Unknown command.
Casting: Lee's Rapid Deconstruction (mildly dangerous; 1% risk of failure)
Confirm with . or Enter, or press ? or * to list all spells.
Aiming: Iron Shot (mildly dangerous; 1% risk of failure)
Press: ? - help, Shift-Dir - straight line, f - spark wasp
Aim: a spark wasp (lightly wounded, 60% to hit)
The iron shot hits the spark wasp!!
The spark wasp is severely wounded.
The spark wasp stings you but does no damage.
You block the spark wasp's attack.
You barely miss the spark wasp. Your grab misses the spark wasp.
The spark wasp is severely wounded.
The spark wasp stings you!
* * * LOW HITPOINT WARNING * * *
The spark wasp shocks you. You resist.
* * * LOW HITPOINT WARNING * * *
Unknown command.
You closely miss the spark wasp. You grab the spark wasp.
The spark wasp is severely wounded.
You constrict the spark wasp, but do no damage.
The spark wasp stings you but does no damage.
Unknown command.
You feel better.
You constrict the spark wasp. The spark wasp stings you!!
You die...

#......#.# #.##.# #
#......#.# #.##.# #
##'#####.# ##.##.# # #.
...# #..##.### # ## #..#
#.......# # #..#
#..##.#.# #
#..#####..##.#.# # #
#.........##.#.#
####'##@#####'###.#.#
......#y# #.....#....
......#y###.....###.####
......'y..'.###.# .##..
......#..##.#≈#.# #..
......#..##.###.'.. +..
..... #..##.....#.# #..
..... #..#####'##.# #..
.... #..# ... # #..


You could see 3 spark wasps.

Vanquished Creatures
  Nikola (Elf:1)
  A walking crystal tome (Depths:1)
  Jorgrun (D:14)
  2 deep elf master archers (Elf:3)
  A deep elf blademaster (Elf:3)
  A sphinx (Depths:1)
  Kirke (Elf:1)
  Gastronok (D:11)
  A sphinx (shapeshifter) (D:8)
  A tengu reaver (Vaults:2)
  Roxanne (Snake:3)
  Donald (Swamp:2)
  6 nagarajas (Snake:4)
  6 deep elf sorcerers
  A fenstrider witch (Swamp:2)
  An azure jelly (Swamp:4)
  The ghost of Valamore the Severer, an adept DsGl of Hepliaklqana (Swamp:4)
  An orc warlord (Vaults:1)
  A fire giant (D:15)
  5 vault wardens
  Louise (Swamp:2)
  7 deep elf elementalists (Elf:3)
  Aizul (Swamp:4)
  A balrug (Depths:1)
  6 very ugly things
  10 ironbound preservers
  2 ironbound thunderhulks (Vaults:1)
  2 stone giants (Depths:1)
  3 eleionomae
  3 deep elf demonologists (Elf:3)
  3 bunyips
  7 deep elf annihilators (Elf:3)
  5 dire elephants
  Azrael (Elf:1)
  A minotaur (Gauntlet)
  2 spark wasps (Depths:1)
  4 deep elf death magi
  2 ettins
  A fire dragon (D:14)
  5 deep elf high priests
  4 great orbs of eyes (Vaults:1)
  An entropy weaver (Vaults:1)
  10 vault guards
  Fannar (D:11)
  12 hydras
  5 yaktaur captains
  A salamander tyrant (Snake:3)
  A catoblepas (Lair:1)
  3 rakshasas (Depths:1)
  2 ghost crabs
  An ogre mage (D:14)
  5 centaur warriors
  5 ice dragons
  4 ironbound frosthearts
  7 boulder beetles
  7 anacondas
  7 two-headed ogres
  28 dancing weapons
  2 deep troll shamans (Depths:1)
  A tengu warrior (D:14)
  11 alligators
  9 death yaks
  8 naga warriors
  An orc high priest (Orc:1)
  10 naga sharpshooters
  Sonja (Lair:1)
  10 hell knights
  6 shock serpents
  Nergalle (D:10)
  2 spriggan berserkers (Depths:1)
  2 soul eaters (Depths:1)
  6 sun demons (Depths:1)
  4 salamander mystics
  14 skeletal warriors
  21 deep elf knights
  An iron troll (Depths:1)
  6 goliath frogs
  40 deep trolls
  5 spriggan druids
  19 deep elf archers
  9 bog bodies
  Pikel (D:6)
  8 naga ritualists
  5 necromancers
  5 ironbound convokers
  2 lindwurms
  6 orc knights
  2 wizards
  30 deep elf zephyrmancers
  4 harpies (D:15)
  41 deep elf pyromancers
  10 mana vipers
  22 ugly things
  5 cyclopes
  4 will-o-the-wisps
  2 manticores
  An orc sorcerer (Orc:1)
  A moth of wrath (Swamp:4)
  17 salamanders
  34 black mambas
  Joseph (Lair:1)
  14 guardian serpents
  12 elephants
  8 naga magi
  A torpor snail (Lair:5)
  5 vault sentinels
  A smoke demon (Depths:1)
  2 molten gargoyles (Lair:5)
  An ice statue (Gauntlet)
  A gargoyle (D:12)
  9 cane toads
  An unseen horror (D:11)
  11 yaktaurs
  5 rime drakes
  A minotaur zombie (Gauntlet)
  5 freezing wraiths
  2 tengu conjurers
  An efreet (D:13)
  13 komodo dragons
  6 trolls
  7 tyrant leeches
  A polar bear (Lair:3)
  3 meliai (D:13)
  5 hornets
  16 slime creatures
  Prince Ribbit (D:6)
  8 blink frogs
  An air elemental (Elf:2)
  Sigmund (D:4)
  2 vampires
  A culicivora (Vaults:1)
  7 water elementals
  6 wyverns
  5 spriggans
  3 basilisks
  51 yaks
  8 humans (D:14)
  6 fire elementals
  3 fire bats (Lair:1)
  8 steam dragons
  7 vampire mosquitoes
  5 swamp worm simulacra (Swamp:4)
  6 wargs
  41 nagas
  A redback (Vaults:1)
  4 acid dragons
  18 hell hounds
  12 water moccasins
  12 swamp worms
  13 hydra simulacra (Swamp:4)
  A swamp drake (Swamp:1)
  Duvessa (D:4)
  3 black bears (D:5)
  37 orc warriors
  2 sky beasts
  An ice beast (D:6)
  A tengu (shapeshifter) (D:13)
  5 ogres
  15 wolves
  5 boggarts
  20 centaurs
  A lemure (D:6)
  A phantom (D:4)
  7 kobold brigands
  19 bullfrogs
  2 necrophages (D:6)
  5 scorpions
  2 earth elementals
  9 wights
  Dowan (D:4)
  8 killer bees
  5 howler monkeys
  2 vampire bats (Orc:1)
  8 electric eels
  5 lava snakes (Lair:5)
  7 hounds
  19 orc priests
  13 jellies
  21 orc wizards
  8 iguanas
  11 gnolls
  A river rat (Sewer)
  8 adders
  A shadow imp (D:6)
  2 white imps (D:6)
  An ufetubus (D:7)
  3 swamp drake simulacra (Swamp:4)
  A worm (D:2)
  2 dart slugs
  75 orcs
  3 ball pythons
  6 bats
  9 endoplasms
  5 giant cockroaches
  8 goblins
  9 hobgoblins
  5 jackals
  29 kobolds
  4 quokkas
  3 frilled lizards
  9 rats
1386 creatures vanquished.

Vanquished Creatures (collateral kills)
  An ironbound preserver (Vaults:2)
  A killer bee (D:10)
2 creatures vanquished.

Vanquished Creatures (others)
  Asterion (Snake:1)
  A deep elf pyromancer (Elf:1)
  2 deep elf zephyrmancers (Elf:1)
  A mana viper (Snake:1)
  3 bloated husks
  A tyrant leech (Swamp:4)
  A hog (Elf:1)
  3 humans
  A centaur (D:8)
  A killer bee (D:10)
  An electric eel (D:11)
  A hound (D:4)
  A white imp (D:6)
  14 foxfires
  36 fungi
  55 plants
  3 withered plants
126 creatures vanquished.

Grand Total: 1514 creatures vanquished

Notes
Turn   | Place    | Note
-------+----------+-------------------------------------------
     0 | D:1      | zazu2006 the Naga Hedge Wizard began the quest for the Orb.
     0 | D:1      | Reached XP level 1. HP: 15/15 MP: 4/4
   336 | D:1      | Reached XP level 2. HP: 18/22 MP: 0/6
  1262 | D:2      | Found a faded altar of an unknown god.
  1266 | D:2      | Reached XP level 3. HP: 28/28 MP: 5/8
  1270 | D:2      | Learned a level 3 spell: Mephitic Cloud
  1273 | D:2      | Learned a level 2 spell: Cigotuvi's Dreadful Rot
  1276 | D:2      | Learned a level 2 spell: Blink
  1559 | D:2      | Reached XP level 4. HP: 29/36 MP: 3/9
  1653 | D:2      | Reached skill level 1 in Poison Magic
  2507 | D:3      | Reached XP level 5. HP: 41/43 MP: 0/10
  2732 | D:3      | Reached skill level 1 in Fighting
  3066 | D:3      | Reached skill level 1 in Long Blades
  3253 | D:3      | Identified the +4 spear of Yredelemnul's Wrath {vorpal,
                  | Int+3}
  3686 | D:3      | Reached XP level 6. HP: 51/51 MP: 10/12
  3888 | D:4      | Noticed Sigmund
  3896 | D:4      | Killed Sigmund
  4013 | D:4      | Reached XP level 7. HP: 41/58 MP: 6/13
  4097 | D:4      | Found a broken altar of Ashenzari.
  4279 | D:4      | Noticed Duvessa
  4302 | D:4      | Killed Duvessa
  4355 | D:4      | Noticed Dowan
  4360 | D:4      | Killed Dowan
  4515 | D:4      | Reached skill level 5 in Poison Magic
  4796 | D:5      | Entered Level 5 of the Dungeon
  4889 | D:5      | Found a glowing drain.
  4919 | Sewer    | Entered a sewer
  5113 | Sewer    | Reached skill level 1 in Armour
  5113 | Sewer    | Reached XP level 8. HP: 41/67 MP: 7/15
  5209 | Sewer    | Found a white marble altar of Elyvilon.
  5572 | D:5      | Reached skill level 5 in Spellcasting
  5698 | D:5      | Found a staircase to the Ecumenical Temple.
  5710 | Temple   | Entered the Ecumenical Temple
  6454 | D:5      | Found a sacrificial altar of Ru.
  6454 | D:5      | Found a radiant altar of Vehumet.
  6458 | D:5      | Became a worshipper of Vehumet
  6674 | D:6      | Reached skill level 5 in Stealth
  6742 | D:6      | Learned a level 4 spell: Olgreb's Toxic Radiance
  6929 | D:6      | Noticed Prince Ribbit
  6934 | D:6      | Reached XP level 9. HP: 51/74 MP: 9/17
  7103 | D:6      | Killed Prince Ribbit
  7175 | D:6      | Reached skill level 1 in Air Magic
  7204 | D:6      | Found a runed translucent door.
  7204 | D:6      | Noticed ThrustWizard's ghost (novice DsRe)
  7236 | D:6      | Found Saskewich's Jewellery Boutique.
  7496 | D:6      | Identified the ring of Cerosm {EV+4 Str+4}
  7496 | D:6      | Noticed a kobold demonologist
  7536 | D:6      | Reached * piety under Vehumet
  7536 | D:6      | Offered knowledge of Shock by Vehumet.
  7928 | D:6      | Reached skill level 5 in Conjurations
  8173 | D:6      | Noticed Pikel
  8254 | D:6      | Killed Pikel
  8255 | D:6      | Reached XP level 10. HP: 60/84 MP: 3/19
  8815 | D:7      | Reached skill level 1 in Evocations
  8976 | D:7      | Found a basalt altar of Yredelemnul.
  9654 | D:8      | Found Ytuaneh's Weapon Emporium.
  9726 | D:8      | Noticed a skeletal warrior
 10246 | D:8      | Found a hide-covered altar of Uskayaw.
 10255 | D:8      | Noticed a cyclops
 10269 | D:8      | Reached ** piety under Vehumet
 10274 | D:8      | Offered knowledge of Static Discharge by Vehumet.
 10279 | D:8      | Killed a cyclops
 10469 | D:8      | Found Aphukkiz's Jewellery Emporium.
 10548 | D:8      | Found Yruno's Assorted Antiques.
 10633 | D:8      | Reached skill level 5 in Long Blades
 10962 | D:8      | Found Gammolol's Book Shoppe.
 11086 | D:9      | Found Wymua's Book Emporium.
 11280 | D:9      | Reached XP level 11. HP: 86/90 MP: 19/22
 11773 | D:9      | Offered knowledge of Stone Arrow by Vehumet.
 11791 | D:9      | Learned a level 3 spell: Stone Arrow
 11831 | D:9      | Found a sparkling altar of Nemelex Xobeh.
 12563 | D:10     | Entered Level 10 of the Dungeon
 12585 | D:10     | Reached *** piety under Vehumet
 12900 | D:10     | Offered knowledge of Inner Flame by Vehumet.
 13089 | D:10     | Found a blossoming altar of Fedhas.
 13535 | D:10     | Noticed Nergalle
 13548 | D:10     | Killed Nergalle
 13549 | D:10     | Reached skill level 5 in Armour
 13549 | D:10     | Reached skill level 1 in Earth Magic
 13851 | D:10     | Found a staircase to the Orcish Mines.
 13973 | Orc:1    | Entered Level 1 of the Orcish Mines
 13973 | Orc:1    | Noticed an orc knight
 14143 | D:11     | Reached **** piety under Vehumet
 14419 | D:11     | Offered knowledge of Arcjolt by Vehumet.
 14452 | D:11     | Noticed a cyclops
 14457 | D:11     | Killed a cyclops
 14567 | D:11     | Reached XP level 12. HP: 87/100 MP: 10/24
 14713 | D:11     | Noticed Fannar
 14799 | D:11     | Found a staircase to the Lair.
 14818 | D:11     | Killed Fannar
 14928 | D:11     | Found Hepreamy's Profane Products.
 15098 | D:11     | Noticed Gastronok
 15666 | D:12     | Found Joarhuf's Antique Weapon Emporium.
 15692 | D:12     | Noticed a five-headed hydra
 15703 | D:12     | Killed a five-headed hydra
 16191 | D:12     | Noticed a two-headed ogre
 16208 | D:12     | Killed a two-headed ogre
 16574 | D:12     | Noticed a two-headed ogre
 16581 | D:12     | Killed a two-headed ogre
 16756 | D:12     | Noticed a two-headed ogre
 16762 | D:12     | Killed a two-headed ogre
 16763 | D:12     | Reached skill level 5 in Fighting
 17215 | D:12     | Noticed a hell knight
 17264 | D:12     | Noticed a hell knight
 17264 | D:12     | Noticed a hell knight
 17337 | D:12     | Noticed a hell knight
 17345 | D:12     | Killed a hell knight
 17454 | D:12     | Killed a hell knight
 17455 | D:12     | Reached skill level 5 in Dodging
 17600 | D:12     | Noticed a hell knight
 17605 | D:12     | Killed a hell knight
 17606 | D:12     | Gained mutation: You can use your snake-like lower body to
                  | constrict enemies. [Naga growth]
 17606 | D:12     | Reached XP level 13. HP: 109/109 MP: 24/26
 17869 | D:12     | Reached skill level 5 in Earth Magic
 18408 | D:10     | Reached ***** piety under Vehumet
 18631 | D:10     | Offered knowledge of Lightning Bolt by Vehumet.
 18638 | D:10     | Learned a level 5 spell: Lightning Bolt
 19470 | Orc:1    | Upgraded the game from 0.30-a0-218-gedb9141078 to
                  | 0.30-a0-219-gf2db51d15e
 19482 | Orc:2    | Entered Level 2 of the Orcish Mines
 19586 | Orc:2    | Found a flickering gateway to a bazaar.
 19598 | Bazaar   | Entered a bazaar
 19760 | Bazaar   | Found Tugaec's Magic Scroll Boutique.
 19764 | Bazaar   | Found Yvuschan's Magic Scroll Boutique.
 19764 | Bazaar   | Found Junoph's Jewellery Boutique.
 19765 | Bazaar   | Found Saxem's Assorted Antiques.
 19786 | Bazaar   | Bought a scroll of identify for 18 gold pieces
 19786 | Bazaar   | Bought a scroll of magic mapping for 67 gold pieces
 19794 | Bazaar   | Bought a scroll labelled KOPREQATHO for 26 gold pieces
 19854 | Orc:2    | Reached skill level 10 in Spellcasting
 20182 | Orc:2    | Found a staircase to the Elven Halls.
 20183 | Orc:2    | Found Ecootot's General Store.
 20187 | Orc:2    | Found Cenwaex's Specific Store.
 20196 | Orc:2    | Bought a scroll of identify for 24 gold pieces
 20260 | Orc:2    | Found Egawoc's Weapon Emporium.
 20260 | Orc:2    | Found Keotigh's Assorted Antiques.
 20262 | Orc:2    | Found Wabit's Assorted Antiques.
 20264 | Orc:2    | Found Iczeenta's Distillery.
 20269 | Orc:2    | Bought a scroll labelled ILEUQIN HONUY for 27 gold pieces
 20570 | D:13     | You are sucked into a shaft and drop 1 floor!
 20611 | D:13     | Noticed an entropy weaver
 21610 | D:8      | Noticed a minotaur
 21624 | D:8      | a minotaur changed into a death yak
 21764 | D:8      | Noticed a sphinx
 21771 | D:8      | Killed a sphinx
 22094 | D:11     | Killed Gastronok
 22126 | Lair:1   | Entered Level 1 of the Lair of Beasts
 22136 | Lair:1   | Reached XP level 14. HP: 120/120 MP: 17/28
 22238 | Lair:1   | Found a dark tunnel.
 22247 | Volcano  | Entered a volcano
 22828 | Volcano  | Reached skill level 5 in Air Magic
 23175 | Lair:1   | Noticed Joseph
 23198 | Lair:1   | Killed Joseph
 23214 | Lair:1   | Noticed Sonja
 23226 | Lair:1   | Killed Sonja
 23465 | Lair:1   | Reached skill level 10 in Long Blades
 23465 | Lair:1   | Reached skill level 10 in Poison Magic
 23992 | Lair:1   | Identified the +5 scale mail "Tozamom" {-Cast Harm SInv}
 24283 | Lair:2   | Reached skill level 10 in Conjurations
 24311 | Lair:2   | Reached skill level 10 in Stealth
 24828 | Lair:2   | Offered knowledge of Flame Wave by Vehumet.
 25508 | Lair:2   | Found a staircase to the Snake Pit.
 25937 | Lair:3   | Found a staircase to the Swamp.
 26297 | Lair:3   | You are sucked into a shaft and drop 2 floors!
 26297 | Lair:5   | Entered Level 5 of the Lair of Beasts
 26427 | Lair:5   | Found a gate leading to a gauntlet.
 26441 | Lair:5   | Found a viscous altar of Jiyva.
 26457 | Gauntlet | Entered a Gauntlet
 26457 | Gauntlet | Found a transporter.
 26570 | Gauntlet | Found a transporter.
 26581 | Gauntlet | Found a transporter.
 26584 | Gauntlet | Found a transporter.
 26588 | Gauntlet | Found a runed translucent door.
 26590 | Gauntlet | Found a runed translucent door.
 26592 | Gauntlet | Found a transporter.
 26612 | Gauntlet | Found the +3 hat of Pondering {ponderous, Will+ MP+10
                  | Int+5}
 26613 | Gauntlet | Found a transporter.
 26624 | Gauntlet | a death yak changed into a shadow dragon
 26624 | Gauntlet | Noticed a shadow dragon (glowing shapeshifter)
 26625 | Gauntlet | Found a transporter.
 26625 | Gauntlet | a shadow dragon changed into an acid blob
 26625 | Gauntlet | Noticed an acid blob (glowing shapeshifter)
 26626 | Gauntlet | an acid blob changed into a shard shrike
 26626 | Gauntlet | Noticed a shard shrike (glowing shapeshifter)
 26628 | Gauntlet | a shard shrike changed into a titan
 26628 | Gauntlet | Noticed a titan (glowing shapeshifter)
 26635 | Gauntlet | Found a transporter.
 26651 | Gauntlet | Found a transporter.
 26660 | Gauntlet | Found a transporter.
 26665 | Gauntlet | Found a transporter.
 26682 | Gauntlet | Found a transporter.
 26782 | Gauntlet | Found a transporter.
 26881 | Gauntlet | Identified the ring of Jifreeco {rN++ rCorr Int+4 Dex-2
                  | Slay+3}
 26903 | Gauntlet | Reached XP level 15. HP: 115/129 MP: 30/30
 27258 | Gauntlet | Identified the +1 robe "Viwacvuoni" {rPois}
 27258 | Gauntlet | Identified the ring of Amorality {rF- rCorr MP+9 Int+4
                  | Dex-2}
 29720 | Lair:5   | Found a staircase to the Slime Pits.
 31425 | Lair:5   | Reached ****** piety under Vehumet
 31425 | Lair:5   | Offered knowledge of Freezing Cloud by Vehumet.
 31592 | Lair:5   | Found a large runed translucent door.
 31592 | Lair:5   | Found a large runed translucent door.
 32094 | Swamp:1  | Entered Level 1 of the Swamp
 33382 | Swamp:2  | Noticed Louise
 33384 | Swamp:2  | Noticed Donald
 33662 | Swamp:2  | Noticed a fenstrider witch
 33668 | Swamp:2  | Killed a fenstrider witch
 33669 | Swamp:2  | Reached XP level 16. HP: 86/140 MP: 13/31
 34165 | Swamp:2  | Killed Louise
 34257 | Swamp:2  | Killed Donald
 34787 | Swamp:2  | Reached skill level 1 in Shields
 36180 | Swamp:4  | Entered Level 4 of the Swamp
 36809 | Swamp:4  | Noticed an azure jelly
 36820 | Swamp:4  | Killed an azure jelly
 37213 | Swamp:4  | Noticed Aizul
 37224 | Swamp:4  | Killed Aizul
 37858 | Swamp:4  | Found a transporter.
 37863 | Swamp:4  | Found a transporter.
 38086 | Swamp:4  | Noticed Valamore's ghost (adept DsGl)
 38627 | Swamp:4  | Got a decaying rune of Zot
 38775 | Swamp:4  | Offered knowledge of Lee's Rapid Deconstruction by Vehumet.
 38995 | Swamp:4  | Killed Valamore's ghost
 39241 | Swamp:4  | Identified the +0 helmet of Mumblety Peg {Slay+3}
 39544 | Snake:1  | Entered Level 1 of the Snake Pit
 39659 | Snake:1  | Noticed Asterion
 39669 | Snake:1  | Noticed an Executioner
 39671 | Snake:1  | Killed Asterion
 39672 | Snake:1  | Reached XP level 17. HP: 73/148 MP: 4/33
 40818 | Snake:1  | Learned a level 5 spell: Lee's Rapid Deconstruction
 42736 | Snake:2  | Found Ovvoy's Tremendous Tomes.
 42767 | Snake:2  | Reached skill level 5 in Shields
 44244 | Snake:3  | Offered knowledge of Starburst by Vehumet.
 44261 | Snake:3  | HP: 5/150 [salamander tyrant (19)]
 44531 | Snake:3  | Identified Roxanne's Exposition on Transformation
 44531 | Snake:3  | Noticed Roxanne
 44547 | Snake:3  | Killed Roxanne
 44730 | Snake:3  | Reached skill level 10 in Earth Magic
 45884 | Snake:4  | Entered Level 4 of the Snake Pit
 47399 | Snake:4  | Reached XP level 18. HP: 99/158 MP: 7/35
 49531 | Snake:4  | Got a serpentine rune of Zot
 50245 | D:14     | Found a snail-covered altar of Cheibriados.
 50426 | D:14     | Offered knowledge of Iron Shot by Vehumet.
 50447 | D:14     | Learned a level 6 spell: Iron Shot
 51061 | D:14     | Found a gate to the Vaults.
 51200 | D:15     | Entered Level 15 of the Dungeon
 51200 | D:15     | Noticed Jorgrun
 51443 | D:13     | Found a glowing silver altar of Zin.
 52282 | D:15     | Found a staircase to the Depths.
 52742 | D:14     | Killed Jorgrun
 53381 | D:15     | Found Perail's Magic Scroll Emporium.
 54163 | Elf:1    | Entered Level 1 of the Elven Halls
 54170 | Elf:1    | Noticed Nikola
 54360 | Elf:1    | Noticed Kirke
 54361 | Elf:1    | Killed Nikola
 54458 | Elf:1    | Killed Kirke
 54588 | Elf:1    | Identified the ring of the Little Devil {rPois rC- rN+++
                  | Str+6 Int+3}
 54775 | Elf:1    | Reached XP level 19. HP: 168/168 MP: 22/37
 54984 | Elf:1    | Offered knowledge of Orb of Destruction by Vehumet.
 54993 | Elf:1    | Learned a level 7 spell: Orb of Destruction
 55819 | Elf:1    | Got the Parchment of Outbursts and Allies
 55969 | Elf:1    | Noticed Azrael
 55987 | Elf:1    | Killed Azrael
 56652 | Elf:2    | Identified 3 scrolls of acquirement
 56687 | Elf:2    | Paralysed by an air elemental for 1 turns
 56690 | Elf:2    | Paralysed by an air elemental for 1 turns
 57673 | Elf:2    | Found a huge runed translucent gate.
 57673 | Elf:2    | Found a huge runed translucent gate.
 57673 | Elf:2    | Found a huge runed translucent gate.
 57673 | Elf:2    | Found a huge runed translucent gate.
 57711 | Elf:2    | Found a huge runed translucent gate.
 57881 | Elf:2    | Reached skill level 15 in Spellcasting
 58043 | Elf:2    | Reached skill level 10 in Fighting
 59319 | Elf:3    | Entered Level 3 of the Elven Halls
 60378 | Elf:2    | Acquired the +2 barding of the Harp {+Blink rN+ Stlth+}
 60391 | Elf:2    | Acquired a book of Flames
 60393 | Elf:2    | Acquired the ring of the Foremost Portals {+Blink Fly rF+
                  | rN+ Slay+4 Stlth-}
 60950 | Elf:3    | Reached skill level 15 in Conjurations
 61336 | Elf:3    | Reached XP level 20. HP: 176/176 MP: 25/39
 61814 | Elf:3    | Identified the +5 lajatang of the Queen {antimagic, rPois
                  | Str+3 SInv}
 61959 | Elf:3    | Identified the +0 scale mail "Yshior" {rC+++ rCorr Int-2
                  | Stlth-}
 61978 | Elf:3    | Identified the ring of Yzuu {rF+ Dex+3}
 62046 | Elf:3    | Identified the ring of the Equinox {Fire rCorr}
 62568 | Elf:3    | Identified the +9 sling of the Winnowing King {venom, SInv
                  | Stlth+}
 62789 | Elf:3    | Got the Verses on Fiery Bedrock
 62791 | Elf:3    | Identified the +1 ring mail of Shrieking Salvation {rPois}
 62806 | Elf:3    | Identified the +2 scale mail of the Cricket {Contam Int+4
                  | Dex+5}
 63277 | Vaults:1 | Entered Level 1 of the Vaults
 63887 | Vaults:1 | Found Linua's Book Boutique.
 64137 | Vaults:1 | Identified the +1 pair of gloves of Limitation {rElec rC-
                  | Str+2}
 65178 | Vaults:1 | Offered knowledge of Shatter by Vehumet.
 65178 | Vaults:1 | Offered knowledge of Polar Vortex by Vehumet.
 65178 | Vaults:1 | Offered knowledge of Maxwell's Capacitive Coupling by
                  | Vehumet.
 66712 | Vaults:1 | Reached XP level 21. HP: 177/184 MP: 33/41
 67048 | Vaults:1 | Identified the +9 arbalest "Iwna" {elec, Fly rF- rN+}
 67053 | Vaults:1 | Identified the +11 arbalest of Laschisch {venom, rElec rF+
                  | rC- Str+4}
 67756 | Vaults:2 | Noticed Mara
 67765 | Vaults:2 | Noticed zazu2006's illusion
 68109 | Vaults:2 | Noticed Sojobo
 69452 | Vaults:2 | Found a large runed translucent door.
 69456 | Vaults:2 | Found a large runed translucent door.
 69456 | Vaults:2 | Noticed Eczaz's ghost (adept DEHW)
 69484 | Vaults:2 | Reached skill level 15 in Stealth
 70268 | Vaults:2 | Paralysed by an air elemental for 1 turns
 70509 | Depths:1 | Entered Level 1 of the Depths
 71406 | Depths:1 | HP: 9/188 [sun demon (5)]
 72229 | Depths:1 | Slain by a spark wasp

Illustrated notes

Levels and vault maps discovered:
D:1:      lemuel_arrival_river_passageway, layout_loops_cross,
          kennysheep_pointless_box, patterned_corridor
D:2:      layout_rooms, nicolae_ecumenical_pavilion
D:3:      layout_basic
D:4:      layout_basic, cheibrodos_ashenzari_chains, minmay_manual_monolith,
          uniq_duvessa, uniq_sigmund
D:5:      layout_loops_corners, gammafunk_temple_overflow_elements,
          temple_fountains, cheibrodos_sewer_entry_drain, minmay_circle_x
D:6:      cheibrodos_fzero, layout_gridville, gammafunk_ghost_grave,
          minmay_shop_enchanted_jewellery, uniq_pikel, uniq_prince_ribbit1
D:7:      layout_cave_pools, lemuel_coloured_pillars_altar, nicolae_hexahallways
D:8:      minmay_chambers_of_sixes, layout_cave_pods, serial_shops,
          kennysheep_little_box, nicolae_shop_advertising_works
          [nicolae_subvault_shop_adworks], shop, nicolae_square_shop,
          minmay_ruined_shrine
D:9:      layout_roguey, mainiacjoe_overflow_surrounded_room, serial_shops,
          nicolae_shop_crystal, nzn_life_drinkers
D:10:     layout_rooms, mainiacjoe_overflow_tiny_flanked, erik_orc_2,
          uniq_nergalle
D:11:     layout_basic, lair_entry_dummy, nicolae_evil_shop, uniq_gastronok,
          uniq_fannar
D:12:     layout_basic, serial_shops, shop, minmay_rotating_lava
D:13:     layout_roguey, zin_treasury
D:14:     layout_loops_ring, ximxim_vaults_locker_room, cheibriados_altar_1,
          minmay_protected_statue
D:15:     grunt_enter_depths_giant_problem, layout_cave_pods, serial_shops,
          nicolae_lakefront_shop, minivault_14, uniq_jorgrun
Temple:   nicolae_temple_superstar
Lair:1:   layout_chaotic_city, nicolae_volcano_entry_batcave,
          grunt_megastairs_1, uniq_joseph, uniq_sonja
Lair:2:   layout_gridlike, minmay_snake_entry_guardpost_large,
          wad_woods_river_01
Lair:3:   layout_long_grid, skrybe_swamp_entry_bodies, grunt_megastairs_4
Lair:4:   layout_cave_pods
Lair:5:   cheibrodos_lair_end_hotspot, layout_loops_ring,
          minmay_slime_entry_jelly_boxes, gauntlet_entry_generic
Swamp:1:  layout_basic_swamp, nicolae_swamp_little_tower,
          infiniplex_staircase_pool
Swamp:2:  layout_basic_swamp, hangedman_swamp_ruin_hall, uniq_louise,
          uniq_donald
Swamp:3:  layout_falls_marsh, nicolae_swamp_tree_isthmus
Swamp:4:  swamp_icy, layout_basic_swamp, gammafunk_ghost_berserking_beasts,
          swamp_pool2, infiniplex_staircase_pool_2, uniq_aizul
Snake:1:  nrook_guardian_serpent_snake_passage, layout_cave_shapes,
          uniq_asterion
Snake:2:  layout_gridlike, nicolae_shop_i_like_big_books
Snake:3:  layout_concentric_octagons, grunt_megastairs_5, uniq_roxanne
Snake:4:  grunt_snake_rune_serpentine_throne, layout_chambers,
          nrook_guardian_serpent_ordinary
Orc:1:    layout_caves, roderic_batcave
Orc:2:    st_orc_rangers, layout_caves, serial_shops, bzr_entry_dummy,
          nicolae_orc_flooded_monolith, nicolae_specific_store
Elf:1:    eino_elf_arrival_sip, layout_gridlike, minmay_elf_sorcery,
          uniq_azrael, uniq_kirke, uniq_nikola
Elf:2:    elven_hall_of_blades_hangedman_alternative
          [nooodl_blade_entry_preview], layout_gridlike
Elf:3:    minmay_elf_hall_curves, layout_geoelf_octagon, grunt_megastairs_2
Vaults:1: nicolae_vaults_octagons, nicolae_vaults_network_barrier, v_rooms_6,
          ontoclasm_vaults_idyll, nicolae_vaults_diagonal_hallway_7,
          vaults_mumra_hex, v_misc_10, v_alt_pattern_5, vaults_dpeg_cross,
          ontoclasm_vaults_fault, nicolae_vaults_yaktaur_gun_rack,
          layout_vaults_big_room, serial_shops, shop
Vaults:2: advil_vaults_ghost_guards, v_misc_3, vaults_room_door_ring,
          nicolae_vaults_holding_cells, vaults_room_fancy_cross,
          nicolae_vaults_twisting_passages, ontoclasm_vaults_pinch,
          vaults_room_boxed, ontoclasm_vaults_gateway, ontoclasm_vaults_eye,
          nicolae_vaults_network_quinsquares
          [nicolae_vaults_network_quincunx_subvault,
          nicolae_vaults_network_quincunx_subvault,
          nicolae_vaults_network_quincunx_subvault,
          nicolae_vaults_network_quincunx_subvault], v_misc_3,
          nicolae_vaults_rhombus_6, nicolae_vaults_little_ls,
          grunt_vaults_hallway_short, vaults_dpeg_emergency_exit,
          vaults_room_pool, layout_vaults_big_cross, uniq_sojobo, uniq_mara
Depths:1: layout_gridlike, abyss_entry_flame_altar, hellmouth_2,
          serial_bayou_pond_d, minmay_hidden_floor

Skill      XL: |  1  2  3  4  5  6  7  8  9 10 11 12 13 14 15 16 17 18 19 20 21 |
---------------+----------------------------------------------------------------+-----
Poison Magic   | 2 3 5 6 8 9 10 11 | 11.4
Conjurations   | 2 4 5 6 7 8 9 10 11 12 13 15 16 | 16.0
Fighting       | 1 2 3 4 5 6 7 8 9 10 11 | 11.6
Dodging        | 2 3 4 5 6 7 8 |  8.3
Spellcasting   | 4 5 6 7 8 9 10 11 12 13 14 15 16 | 16.6
Long Blades    | 1 2 3 4 5 6 8 9 10 11 12 13 14 | 14.0
Stealth        | 4 5 6 7 8 9 10 11 12 13 14 15 | 15.5
Armour         | 1 2 3 5 6 7 8 9 |  9.2
Air Magic      | 2 3 4 5 6 |  6.8
Evocations     | 1 |  1.8
Earth Magic    | 2 4 5 6 7 9 10 11 12 13 | 13.8
Translocations | 2 |  2.5
Shields        | 3 5 6 7 8 |  8.3
Summonings     | |  1.0

Action                   |  1- 3 |  4- 6 |  7- 9 | 10-12 | 13-15 | 16-18 | 19-21 || total
-------------------------+-------+-------+-------+-------+-------+-------+-------++-------
Melee: Long sword        |     9 |    78 |   136 |   265 |   898 |   687 |   955 ||  3028
       Dagger            |     2 |       |       |       |       |       |       ||     2
       Punch             |       |     3 |     2 |     6 |    20 |     2 |       ||    33
       Scimitar          |       |       |       |   146 |       |       |       ||   146
       Constrict         |       |       |       |       |   186 |   144 |   194 ||   524
 Cast: Magic Dart        |    58 |   109 |   217 |   132 |    18 |    22 |    10 ||   566
       Mephitic Cloud    |     1 |     5 |    37 |    88 |   116 |    61 |   109 ||   417
       Blink             |       |       |       |     7 |     8 |     1 |     7 ||    23
       Cigotuvi's Dreadf |       |       |       |     3 |       |       |       ||     3
       Stone Arrow       |       |       |       |   189 |   393 |   852 |   540 ||  1974
       Olgreb's Toxic Ra |       |       |       |     1 |       |       |     2 ||     3
       Iron Shot         |       |       |       |       |       |    26 |    73 ||    99
       Lightning Bolt    |       |       |       |       |       |     1 |       ||     1
       Lee's Rapid Decon |       |       |       |       |       |       |     9 ||     9
       Orb of Destructio |       |       |       |       |       |       |     1 ||     1
 Abil: Spit Poison       |    10 |    14 |    50 |    34 |    12 |     4 |     2 ||   126
Evoke: Wand              |       |       |     6 |    15 |       |       |     2 ||    23
  Use: Scroll            |       |       |    12 |     9 |    16 |     8 |    15 ||    60
       Potion            |       |       |     2 |     3 |     4 |     8 |    17 ||    34
 Stab: Confused          |       |     3 |    14 |    19 |    65 |    28 |    61 ||   190
       Sleeping          |       |     1 |       |     5 |     7 |     9 |     9 ||    31
       Distracted        |       |       |       |       |     1 |     1 |     3 ||     5
Armor: Robe              |     4 |    32 |       |       |       |       |       ||    36
       Leather armour    |       |     1 |    87 |       |       |       |       ||    88
       Skin              |       |       |     9 |     9 |       |       |       ||    18
       Steam dragon scal |       |       |     1 |    20 |       |       |       ||    21
       Quicksilver drago |       |       |       |   221 |   514 |   432 |   470 ||  1637
Dodge: Dodged            |    14 |    61 |   194 |   387 |   643 |   382 |   390 ||  2071
       Repelled          |       |     1 |     3 |     3 |    11 |    29 |    15 ||    62
Block: Kite shield       |       |       |       |       |       |   257 |   500 ||   757
       Reflection        |       |       |       |       |       |    37 |    64 ||   101

Table legend: (Time is in decaauts)
 A = Elapsed time spent in this place.
 B = Non-inter-level travel time spent in this place.
 C = Inter-level travel time spent in this place.
 D = Time resting spent in this place.
 E = Time spent auto-exploring this place.
 F = Levels seen in this place.
 G = Mean time per level.
                   A        B        C        D        E       F      G
               +--------+--------+--------+--------+--------+-----+--------+
         Total |  83306 |  79486 |   3820 |  13111 |  49653 |  41 | 2031.9 |
       Dungeon |  29635 |  27291 |   2344 |   3235 |  18405 |  15 | 1975.7 |
        Temple |    146 |    124 |     22 |      0 |    102 |   1 |  146.0 |
          Lair |  10069 |   9594 |    475 |   1004 |   6481 |   5 | 2013.8 |
         Swamp |   8222 |   8047 |    175 |   1752 |   4887 |   4 | 2055.5 |
     Snake Pit |  11416 |  11203 |    213 |   2728 |   6716 |   4 | 2854.0 |
  Orcish Mines |   1973 |   1892 |     81 |    275 |   1112 |   2 |  986.5 |
   Elven Halls |   9808 |   9557 |    251 |   1429 |   5742 |   3 | 3269.3 |
        Vaults |   7610 |   7354 |    256 |   1436 |   4396 |   2 | 3805.0 |
        Depths |   1873 |   1873 |      0 |    381 |   1044 |   1 | 1873.0 |
        Bazaar |    233 |    233 |      0 |      0 |    186 |   1 |  233.0 |
         Sewer |    410 |    410 |      0 |      0 |    347 |   1 |  410.0 |
       Volcano |    868 |    868 |      0 |    586 |      6 |   1 |  868.0 |
      Gauntlet |   1039 |   1039 |      0 |    281 |    225 |   1 | 1039.0 |
               +--------+--------+--------+--------+--------+-----+--------+

Top non-repeatable levels by time:
Vaults:1: 4329 daAuts
   Elf:2: 4179 daAuts
 Snake:4: 3961 daAuts
    D:12: 3960 daAuts
   Elf:3: 3302 daAuts
Vaults:2: 3280 daAuts
 Swamp:4: 3163 daAuts
  Lair:5: 2892 daAuts
 Snake:2: 2751 daAuts
 Snake:3: 2509 daAuts
    D:11: 2482 daAuts
     D:6: 2414 daAuts
     D:8: 2376 daAuts
   Elf:1: 2327 daAuts
    D:10: 2274 daAuts
